Map: Cosmic Sapphire

Players

Clarity - Winner!

  • Race: Zerg Zerg
  • League: Diamond
  • Spawn Location: 5:00

Mentanje

  • Race: Terran Terran
  • League: Diamond
  • Spawn Location: 11:00

VOD

Have the link to the VOD?

Description

Time

  • Played on: Aug. 27, 2022, 8:25 p.m.
  • Length: 12:58
Show
View Real Time Build Order
Export as new Build Order

Clarity Zerg - Winner!

Build Orders: Hatch First 

Get SALT Encoding   

  12  0:00  Drone  
  13  0:12  Overlord  
  13  0:18  Drone  
  14  0:31  Drone x2  
  16  0:51  Hatchery  
  16  0:53  Drone  
  16  0:56  Drone  
  17  0:59  Drone  
  18  1:07  Extractor  
  17  1:14  Spawning Pool  
  17  1:17  Drone  
  17  1:21  Drone  
  18  1:28  Drone  
  19  1:51  Overlord  
  19  1:52  Drone  
  20  2:01  Queen  
  20  2:03  Queen  
  20  2:04  Zergling x4  
  26  2:11  Drone  
  26  2:14  Drone  
  28  2:20  Metabolic Boost  
  28  2:22  Drone  
  29  2:24  Drone  
  30  2:40  Hatchery  
  30  2:43  Drone  
  30  2:50  Queen  
  32  2:54  Overlord  
  32  2:57  Drone  
  33  3:00  Drone  
  33  3:02  Drone  
  33  3:05  Drone  
  36  3:11  Baneling Nest  
  36  3:12  Drone  
  36  3:15  Drone  
  36  3:17  Drone  
  38  3:23  Drone x3  
  39  3:36  Drone x3  
  39  3:37  Drone  
  43  3:45  Drone  
  44  3:55  Zergling x10  
  49  3:57  Overlord x2  
  49  3:58  Zergling x2  
  49  4:01  Lair  
  50  4:12  Overlord x2  
  50  4:16  Baneling x3, Zergling x2  
  54  4:17  Zergling x6  
  54  4:23  Drone x2, Evolution Chamber  
  54  4:24  Evolution Chamber  
  54  4:27  Drone x2  
  54  4:28  Drone  
  54  4:30  Drone x3  
  54  4:31  Drone  
  61  4:33  Baneling x2  
  61  4:41  Zergling x6  
  64  4:46  Drone x3  
  64  4:47  Drone  
  64  4:50  Extractor  
  64  4:51  Extractor  
  66  4:54  Drone  
  66  4:55  Drone  
  66  4:56  Drone x2  
  66  4:57  Drone x4  
  74  5:10  Zerg Melee Weapons Level 1  
  74  5:20  Overlord x4  
  74  5:21  Overlord  
  74  5:26  Extractor  
  73  5:29  Drone  
  74  5:43  Baneling x2, Centrifugal Hooks, Hatchery  
  74  5:47  Drone  
  74  5:48  Drone x3  
  77  5:52  Drone, Extractor  
  77  5:53  Drone x7  
  84  6:02  Zergling x2  
  77  6:14  Zergling x22  
  85  6:40  Extractor  
  85  6:42  Zerg Ground Armor Level 1  
  85  6:43  Hydralisk Den  
  85  6:45  Extractor x2  
  81  6:57  Zergling x24  
  93  7:06  Infestation Pit  
  93  7:07  Zerg Missile Weapons Level 1  
  92  7:14  Zergling x10  
  97  7:22  Queen  
  99  7:31  Grooved Spines, Hydralisk x5  
  99  7:32  Hydralisk  
  99  7:34  Zergling x8  
  115  7:48  Zergling x8  
  115  7:49  Baneling x6  
  115  7:50  Baneling  
  119  7:52  Overlord x6  
  119  7:53  Overlord x2  
  119  8:04  Overlord x2  
  119  8:05  Overlord x2  
  103  8:22  Zergling x24  
  103  8:26  Baneling x9  
  103  8:27  Baneling x5  
  90  8:35  Zerg Melee Weapons Level 2  
  90  8:39  Zergling x18  
  96  8:42  Muscular Augments  
  96  8:44  Drone x4  
  96  8:45  Drone  
  97  8:59  Drone x5  
  102  9:07  Queen  
  102  9:09  Zerg Missile Weapons Level 2  
  104  9:12  Zergling x2  
  104  9:13  Zergling x12  
  111  9:18  Overseer  
  111  9:26  Drone x4  
  115  9:37  Drone x7  
  115  9:38  Drone  
  123  9:44  Hydralisk x5  
  133  10:00  Baneling x10  
  133  10:01  Baneling x2, Zergling x2  
  133  10:02  Zergling x12  
  123  10:31  Zergling x14  
  123  10:32  Zergling x22  
  136  10:40  Drone x4  
  136  10:41  Drone  
  123  10:54  Zergling x2  
  123  10:55  Zergling x14  
  117  11:06  Zergling x14  
  118  11:13  Zergling x8  
  118  11:14  Zergling x6  
  120  11:22  Baneling x3  
  120  11:23  Baneling  
  115  11:29  Zergling x2  
  115  11:30  Zergling x12  
  106  11:50  Zergling x32  
  106  12:06  Zergling x2  
  106  12:07  Zergling x6  
Show
View Real Time Build Order
Export as new Build Order

Mentanje Terran 

Build Orders: Reaper Expand 

Get SALT Encoding   

  12  0:01  SCV  
  13  0:13  SCV  
  14  0:17  Supply Depot  
  14  0:25  SCV  
  15  0:39  SCV  
  15  0:41  Barracks  
  16  0:45  Refinery  
  16  0:51  SCV  
  17  1:03  SCV  
  18  1:15  SCV  
  19  1:31  Orbital Command  
  19  1:32  Reaper  
  20  1:44  Command Center  
  20  1:59  SCV  
  21  2:02  Supply Depot  
  21  2:07  Barracks Reactor  
  21  2:11  Refinery  
  21  2:13  SCV  
  22  2:25  SCV  
  23  2:32  Barracks  
  22  2:37  SCV  
  23  2:44  Factory  
  23  2:45  Marine x2  
  25  2:52  SCV  
  25  2:56  Orbital Command  
  26  2:59  Supply Depot  
  26  3:02  Marine x2  
  26  3:04  SCV  
  29  3:16  SCV  
  29  3:19  Barracks Tech Lab  
  30  3:20  Marine x2  
  30  3:22  SCV  
  33  3:28  SCV  
  34  3:34  SCV  
  34  3:37  Supply Depot  
  34  3:38  Marine x2  
  34  3:41  Stimpack, SCV  
  38  3:42  Marine  
  38  3:46  SCV  
  40  3:48  Starport  
  40  3:53  Refinery  
  40  3:54  Refinery  
  40  3:56  Marine x2  
  40  3:58  SCV x2  
  40  4:00  Marine  
  45  4:10  SCV  
  45  4:12  SCV  
  45  4:13  Factory Reactor  
  45  4:14  Marine x2  
  49  4:18  Marine  
  49  4:22  SCV  
  51  4:25  Supply Depot  
  51  4:32  Marine x2  
  51  4:35  SCV x2  
  51  4:36  Marine  
  56  4:43  Supply Depot  
  56  4:47  SCV  
  56  4:48  SCV  
  56  4:50  Marine  
  60  4:59  Medivac  
  63  5:00  Command Center, SCV, Factory Tech Lab  
  63  5:02  Marine, Medivac  
  63  5:03  Marine  
  66  5:07  SCV  
  66  5:12  SCV  
  66  5:13  Engineering Bay  
  68  5:22  Siege Tank  
  68  5:23  Combat Shield  
  68  5:25  Marine x2, Barracks  
  73  5:35  SCV x2  
  75  5:42  Refinery  
  75  5:47  SCV x2  
  75  5:49  Supply Depot  
  77  5:50  Marine  
  77  5:55  Supply Depot  
  77  5:57  Marine x2  
  78  6:03  Terran Infantry Weapons Level 1  
  80  6:07  Marine  
  70  6:14  Marine  
  62  6:19  Barracks Tech Lab  
  62  6:20  Marine  
  62  6:21  Siege Tank, Medivac x2  
  62  6:23  SCV x2  
  62  6:25  Marine  
  72  6:32  Marine  
  73  6:34  Supply Depot  
  73  6:35  SCV x2, Supply Depot  
  73  6:38  Marine x2  
  78  6:43  Marine  
  79  6:47  SCV x2  
  79  6:50  Marine  
  79  6:51  Orbital Command  
  82  6:56  Marine  
  82  6:57  Medivac, Marauder  
  82  6:59  SCV x2  
  82  7:00  Siege Tank, Medivac  
  82  7:01  Marine  
  97  7:08  Marauder, Supply Depot  
  97  7:09  Concussive Shells  
  97  7:14  Marine  
  98  7:16  Barracks  
  98  7:17  Barracks  
  98  7:18  Marauder  
  100  7:27  Marine  
  103  7:30  Marauder  
  103  7:31  Marine  
  103  7:32  Siege Tank  
  103  7:34  SCV x3  
  110  7:39  Marauder, Supply Depot  
  112  7:45  Marine  
  112  7:46  SCV x3  
  118  7:51  Marauder  
  118  7:57  Command Center  
  118  7:58  SCV x3  
  120  8:01  Marauder  
  125  8:12  Marine  
  125  8:13  Marine x2, Marauder  
  113  8:22  Marauder  
  113  8:24  Marine  
  100  8:27  Siege Tank  
  100  8:28  Medivac x2  
  100  8:30  Marine  
  100  8:31  Marine  
  112  8:34  Marauder  
  109  8:43  Marauder  
  109  8:47  Barracks Reactor x2  
  109  8:48  Marine x2  
  110  8:50  SCV x2  
  110  8:51  SCV  
  110  8:54  Command Center  
  114  8:55  Marauder  
  114  8:58  Medivac  
  114  8:59  Siege Tank  
  115  9:03  SCV x3  
  115  9:05  Marauder  
  115  9:06  Marine x2, Barracks  
  115  9:08  Barracks  
  115  9:09  Barracks, Refinery x2  
  122  9:11  Supply Depot  
  122  9:13  Supply Depot  
  122  9:15  SCV x2, Supply Depot  
  126  9:17  Marauder  
  126  9:24  Marine x6  
  127  9:26  Marauder  
  134  9:31  Siege Tank  
  134  9:38  Marauder  
  139  9:41  Marine x2  
  139  9:42  Marine x4  
  145  9:48  Marauder  
  147  9:59  Marine x2, Marauder  
  151  10:00  Marine x4  
  151  10:04  Barracks Reactor x2  
  155  10:09  Marauder  
  157  10:17  Marine x4  
  157  10:21  Marauder  
  161  10:23  Marine x2  
  140  10:30  Marauder  
  140  10:34  Siege Tank, Medivac x2  
  140  10:35  Marine x4  
  130  10:41  Marine x2  
  130  10:42  Marauder  
  136  10:44  Marine x2  
  136  10:48  Barracks Tech Lab  
  120  10:52  Marauder  
  120  10:55  Marine x5  
  120  10:56  Marine  
  107  10:58  Marine  
  107  10:59  Marine  
  107  11:04  Marauder  
  105  11:06  Marine  
  105  11:07  Marine  
  84  11:13  Marine x2, Marauder  
  67  11:25  Marine x4, Marauder  
  63  11:30  Marine  
  63  11:31  Marine  
  62  11:35  Marauder  
  62  11:42  Marine  
  62  11:43  Marine  
  64  11:46  Marauder  
  64  11:56  Marauder  
  64  12:08  Marauder  
  64  12:17  Marauder  
Tags
 
Add a new tag
Caveats
  • Supply blocks, unpowered buildings, or Contaminate may cause inaccurate times.
  • Supply counts are checked every 10 seconds.